 Dungeon Crawl Stone Soup version 0.31-a0-240-gb923e448b6 (webtiles) character file.

Game seed: 16576403441768777408

63 qw the Shooter (level 4, -7/26 HPs)
             Began as a Gargoyle Hexslinger on July 11, 2023.
             Mangled by Sigmund
             ... wielding a +0 scythe
              (11 damage)
             ... on level 2 of the Dungeon.
             The game lasted 00:00:34 (1085 turns).

qw the Shooter (Gargoyle Hexslinger)                Turns: 1085, Time: 00:00:35

Health: -7/26      AC:  0    Str: 12    XL:     4   Next: 9%
Magic:  5/5        EV: 19    Int: 13    God:
Gold:   64         SH:  0    Dex: 19    Spells: 4/5 levels left

rFire   . . .        Y - melded +1 sling
rCold   . . .        (shield currently unavailable)
rNeg    + . .        c - melded +0 robe
rPois   inf          (helmet currently unavailable)
rElec   .            (cloak currently unavailable)
rCorr   .            (gloves currently unavailable)
SInv    .            (boots currently unavailable)
Will    .....        (no amulet)
Stlth   ++           (ring currently unavailable)
HPRegen 0.24/turn    (ring currently unavailable)
MPRegen 0.09/turn

%: no passive effects
@: bat-form (expiring), flying, very quick
A: fast, flying, no casting, sickness immunity, AC +3, tiny, negative energy
resistance 1, (electricity resistance), torment resistance 1, petrification
resistance
a: no special abilities


You were on level 2 of the Dungeon.
You were a bat.
You visited 1 branch of the dungeon, and saw 2 of its levels.

You collected 64 gold pieces.


Innate Abilities, Weirdness & Mutations

You are a bat.
You are tiny and dextrous.
You move quickly.
You are flying.
Your equipment is almost entirely melded.
You are incapable of wielding weapons or throwing items.
You cannot cast spells.
You are immune to sickness and miasma.
((Your stone body is resilient. (AC +3)))
You are immune to poison.
You resist negative energy. (rN+)
((You are resistant to electric shocks. (rElec)))
You are resistant to unholy torment.
You are immune to petrification.


   Skills:
 - Level 2.0 Fighting
 + Level 3.9 Ranged Weapons
 - Level 1.5 Dodging
 - Level 1.0 Spellcasting
 - Level 2.6 Hexes


You had 4 spell levels left.
You knew the following spells:

 Your Spells              Type           Power      Damage    Failure   Level
a - Slow                  Hex            28%        N/A       10%         1

Your spell library contained the following spells:

 Spells                   Type           Power      Damage    Failure   Level
 Inner Flame              Hex/Fire       4%         N/A       43%         3
 Portal Projectile        Hex/Tloc       8%         N/A       43%         3
 Cause Fear               Hex            3%         N/A       67%         4

Inventory:

Hand Weapons
 Y - a +1 sling (melded)
Armour
 b - a +0 helmet
 c - a +0 robe (melded)
Scrolls
 a - a scroll of identify
Potions
 d - 2 potions of resistance {unknown}
 f - a potion of enlightenment
 h - a potion of curing {unknown}

Dungeon Overview and Level Annotations

Branches:
Dungeon (2/15)

Altars:

Annotations:
D:2 Jessica, Sigmund


Message History

You hit Sigmund but do no damage.
Sigmund is lightly wounded.
You barely miss Sigmund.
Sigmund is lightly wounded.
Sigmund points at you and mumbles some strange words.
You resist with some effort.
You hit Sigmund but do no damage.
Sigmund is lightly wounded.
Sigmund barely misses you.
You hit Sigmund.
Sigmund is lightly wounded.
Jessica barely misses you. Sigmund misses you.
You hit Sigmund but do no damage.
Sigmund is lightly wounded.
Jessica completely misses you. Jessica misses you.
You hit Sigmund.
Sigmund is lightly wounded.
Sigmund completely misses you.
Jessica gestures wildly while chanting.
Jessica blinks!
You barely miss Sigmund.
Sigmund is lightly wounded.
Jessica gestures wildly while chanting.
Jessica blinks!
You hit Sigmund.
Sigmund is lightly wounded.
Sigmund closely misses you.
You barely miss Sigmund.
Sigmund is lightly wounded.
Sigmund gestures wildly while chanting.
Sigmund flickers and vanishes!
Deactivating autopickup; reactivate with Ctrl-A.
1084 ||| FLEEEEING.
You hit something.
You hear some strange, mumbled words.
Something tries to affect you, but you resist.
1085 ||| FLEEEEING.
You closely miss something.
Your transformation is almost over.
Jessica gestures at you while chanting.
Something writhes in agony.
Something hits you!
You die...

###### #....# #####
########....# #....
#...........# ###....
#.######....#
#......###.# #....#
.......#...# ##.#####
..!..@{b.### #%.....
####..#### #####.#####
()(#..### #.....#
)$[#.....#####.###.#
?!!#..##.......###%#####
## #..#..............>..
. ....###.##...../.###
.. ####.#######..#
#.##....# #[.#


You could see Jessica (fast).

Vanquished Creatures
  Robin (D:2)
  2 dart slugs (D:1)
  5 ball pythons
  7 endoplasms
  3 giant cockroaches (D:1)
  8 goblins
  5 hobgoblins
  A quokka (D:1)
  3 bats (D:1)
  3 frilled lizards (D:1)
  A kobold (D:1)
  4 rats
43 creatures vanquished.

Notes
Turn   | Place    | Note
-------+----------+-------------------------------------------
     0 | D:1      | qw the Gargoyle Hexslinger began the quest for the Orb.
     0 | D:1      | Reached XP level 1. HP: 12/12 MP: 2/2
     0 | D:1      | 0 ||| qw: Version: 0.3-a-52-g30416fa
     0 | D:1      | 0 ||| qw: Game counter: 6042
     0 | D:1      | 0 ||| qw: Melee chars always use a shield: true
     0 | D:1      | 0 ||| qw: God list: Okawaru
     0 | D:1      | 0 ||| qw: Allow faded altars: false
     0 | D:1      | 0 ||| qw: Do Orc after clearing Dungeon:15 true
     0 | D:1      | 0 ||| qw: Do second Lair branch before Depths: true
     0 | D:1      | 0 ||| qw: Lair rune preference: random
     0 | D:1      | 0 ||| qw: Goals: Normal
     0 | D:1      | 0 ||| PLANNING D:1-11
    29 | D:1      | Reached XP level 2. HP: 15/16 MP: 3/3
   142 | D:1      | Reached skill level 3 in Ranged Weapons
   211 | D:1      | Reached XP level 3. HP: 20/21 MP: 4/4
   753 | D:1      | 753 ||| READING 3 scrolls labelled LIESOEPIANG.
   754 | D:1      | 754 ||| READING scroll labelled IPUUSH SOROMIO.
   755 | D:1      | 755 ||| READING scroll labelled DYEMPU CINATHRU.
   759 | D:1      | 759 ||| READING 2 scrolls of identify.
   759 | D:1      | 759 ||| IDENTIFYING green potion
   760 | D:1      | 760 ||| DROPPING scroll of poison.
   834 | D:2      | Noticed Robin
   847 | D:2      | Killed Robin
   854 | D:2      | HP: 5/21 [goblin/+0 dagger[Robin] (2)]
   861 | D:2      | Reached XP level 4. HP: 5/26 MP: 5/5
   865 | D:2      | HP: 5/26 [goblin/+0 dagger[Robin] (2)]
   868 | D:2      | HP: 2/26 [goblin/+0 dagger[Robin] (2)]
  1054 | D:2      | Noticed Jessica
  1057 | D:2      | Noticed Sigmund
  1058 | D:2      | 1058 ||| Stepping ~*~*~tactically~*~*~ (outnumbered).
  1070 | D:2      | 1070 ||| FLEEEEING.
  1071 | D:2      | HP: 1/26 [Jessica/+0 club (9)]
  1084 | D:2      | 1084 ||| FLEEEEING.
  1085 | D:2      | 1085 ||| FLEEEEING.
  1085 | D:2      | Mangled by Sigmund

Levels and vault maps discovered:
D:1:      dpeg_arrival_windows_large_door, layout_basic, nrook_mini_backslash
D:2:      layout_rooms, basic_altar, due_unseen_surprise, uniq_jessica,
          uniq_sigmund, uniq_robin

Skill      XL: |  1  2  3 |
---------------+----------+-----
Ranged Weapons | 3 |  3.9
Fighting       | 2 |  2.0
Dodging        | |  1.5
Spellcasting   | |  1.0
Hexes          | |  2.6

Action                     |  1- 3 |  4- 6 || total
---------------------------+-------+-------++-------
  Melee: Unarmed           |       |    15 ||    15
   Fire: Sling             |   126 |    22 ||   148
    Use: Scroll            |     4 |       ||     4
 Armour: Robe              |    24 |     3 ||    27
  Dodge: Dodged            |    55 |    14 ||    69

Table legend:
 A = Non-vault XP
 B = Vault XP
 C = Vault XP percentage of total XP
 D = Non-vault monster count
 E = Vault monster count
 F = Vault count percentage of total count
                 A         B        C        D         E       F
            +---------+---------+-------+---------+---------+-------
      Total |      62 |      28 |  31.1 |      35 |       8 |  18.6
            +---------+---------+-------+---------+---------+-------
        D:1 |      56 |       0 |   0.0 |      31 |       0 |   0.0
        D:2 |       6 |      28 |  82.4 |       4 |       8 |  66.7
            +---------+---------+-------+---------+---------+-------
